 Dungeon Crawl Stone Soup version 0.21.1-1-g345015fe64 (webtiles) character file.

9 Ivernyr the Charmwright (level 2, -1/22 HPs)
             Began as a Demonspawn Skald on Apr 26, 2018.
             Slain by a gnoll
             ... wielding a +0 spear
              (9 damage)
             ... on level 1 of the Dungeon.
             The game lasted 00:00:45 (784 turns).

Ivernyr the Charmwright (Demonspawn Skald)           Turns: 784, Time: 00:00:46

Health: -1/22      AC:  3    Str: 11    XL:     2   Next: 6%
Magic:  1/5        EV: 11    Int: 14    God:
Gold:   53         SH:  4    Dex: 12    Spells: 0/5 levels left

rFire    . . .     SeeInvis .   a - +0 falchion
rCold    . . .     Gourm    .   (no shield)
rNeg     . . .     Faith    .   b - +0 leather armour
rPois    .         Spirit   .   (no helmet)
rElec    .         Reflect  .   (no cloak)
rCorr    .         Harm     .   (no gloves)
MR       .....                  (no boots)
Stlth    +.........             (no amulet)
HPRegen  0.07/turn              (no ring)
MPRegen  0.09/turn              (no ring)

@: infused, very slightly contaminated
A: large bone plates 1
a: no special abilities


You were on level 1 of the Dungeon.
You were not hungry.

You visited 1 branch of the dungeon, and saw 1 of its levels.

You collected 53 gold pieces.

Inventory:

Hand Weapons
 a - a +0 falchion (weapon)
Armour
 b - a +0 leather armour (worn)
Scrolls
 e - 3 scrolls of amnesia {unknown}
 f - a scroll of remove curse {unknown}
 g - a scroll of fear {unknown}
Potions
 h - a potion of heal wounds {unknown}
Books
 c - a book of Battle

   Spells                             Type                      Level
   a - Infusion                       Charms                       1
   b - Shroud of Golubria             Charms/Translocation         2
   c - Song of Slaying                Charms                       2
   d - Spectral Weapon                Hexes/Charms                 3
   e - Regeneration                   Charms/Necromancy            3
Comestibles
 d - a ration


   Skills:
 + Level 2.1 Fighting
 + Level 1.9 Long Blades
 * Level 1.3 Armour
 - Level 1.7 Dodging
 - Level 2.0 Spellcasting
 + Level 2.8 Charms


You couldn't memorise any spells.
You knew the following spells:

 Your Spells              Type           Power        Failure   Level  Hunger
a - Infusion              Chrm           #...         10%         1    ##.....
b - Song of Slaying       Chrm           #.......     14%         2    ###....
c - Shroud of Golubria    Chrm/Tloc      #.........   26%         2    ###....


Dungeon Overview and Level Annotations

Branches:
Dungeon (1/15)

Altars:


Innate Abilities, Weirdness & Mutations

You are partially covered in large bone plates. (SH +4)


Message History

The gnoll shouts!
Cast which spell? (? or * to list)
You miscast Infusion.
You are very lightly contaminated with residual magic.
Waves of light ripple over your body. You block the gnoll's attack.
The gnoll barely misses you.
You riposte.
You closely miss the gnoll.
Casting: Infusion
Confirm with . or Enter, or press ? or * to list all spells.
You begin infusing your attacks with magical energy.
You block the gnoll's attack.
You hit the gnoll.
The gnoll is moderately wounded.
The gnoll hits you with a spear!
You hit the gnoll.
The gnoll is heavily wounded.
The gnoll hits you with a spear.
You closely miss the gnoll.
The gnoll is heavily wounded.
The gnoll hits you with a spear!
You die...

.............#......#.......##.##
#.##########................##.#
#.##...............##.......##.#
#....#############.##.......##.##
#######..........#.##.......'...#
#.########.#.##.......##..# #.#
#.#.##.......##... #.#
#.#.##.......###.# #.#
#@#.##.......# #.# #.#
#g#.##.......# #.#
#.#........#.##.......# #.#
#.##########.########## #.#
#............# #.. ##############
#.. #.. #.. ##.


You could see a gnoll.

Vanquished Creatures
  2 giant cockroaches (D:1)
  2 hobgoblins (D:1)
  3 kobolds (D:1)
7 creatures vanquished.

Notes
Turn   | Place    | Note
-------+----------+-------------------------------------------
     0 | D:1      | Ivernyr the Demonspawn Skald began the quest for the Orb.
     0 | D:1      | Reached XP level 1. HP: 16/16 MP: 3/3
    56 | D:1      | Reached skill level 1 in Armour
   248 | D:1      | Gained mutation: You are partially covered in large bone plates. (SH +4) [demonic ancestry]
   248 | D:1      | Reached XP level 2. HP: 17/22 MP: 5/5
   492 | D:1      | Learned a level 2 spell: Song of Slaying
   495 | D:1      | Learned a level 2 spell: Shroud of Golubria
   784 | D:1      | Slain by a gnoll

Skill      XL: |  1 |
---------------+----+-----
Armour         | 1 |  1.3
Fighting       | |  2.1
Long Blades    | |  1.9
Dodging        | |  1.7
Spellcasting   | |  2.0
Charms         | |  2.8

Action                   || total
-------------------------++-------
Melee: Falchion          ||    19
 Cast: Infusion          ||     1
Armor: Leather armour    ||     2
Dodge: Dodged            ||     8
Block: Other             ||     2
       Rpst.: Falchion   ||     3
